 Dungeon Crawl Stone Soup version 0.21.1-1-g345015fe64 (webtiles) character file.

116 Fascinator the Skirmisher (level 4, -3/37 HPs)
             Began as a Mummy Fighter on Feb 6, 2018.
             Killed by divine providence
             ... invoked by an orc priest
              (9 damage)
             ... on level 3 of the Dungeon.
             The game lasted 00:03:19 (1276 turns).

Fascinator the Skirmisher (Mummy Fighter)           Turns: 1276, Time: 00:03:20

Health: -3/37      AC:  7    Str: 20    XL:     4   Next: 70%
Magic:  0/4        EV:  7    Int:  7    God:
Gold:   95         SH:  9    Dex: 11    Spells: 3/3 levels left

rFire    x . .     SeeInvis .   a - +0 war axe
rCold    + . .     Gourm    .   c - +0 shield
rNeg     + + +     Faith    .   b - +0 scale mail
rPois    ∞         Spirit   +   (no helmet)
rElec    .         Reflect  .   (no cloak)
rCorr    .         Harm     .   (no gloves)
MR       .....                  h - +0 pair of boots
Stlth    ..........             f - amulet of guardian spirit
HPRegen  0.12/turn              (no ring)
MPRegen  0.09/turn              (no ring)

@: no status effects
A: no food or potions, fire vulnerability, cold resistance 1, negative energy
resistance 3, torment resistance, unbreathing
a: no special abilities


You were on level 3 of the Dungeon.
You were not hungry.

You visited 1 branch of the dungeon, and saw 3 of its levels.

You collected 95 gold pieces.

Inventory:

Hand Weapons
 a - a +0 war axe (weapon)
Missiles
 d - a throwing net (quivered)
Armour
 b - a +0 scale mail (worn)
 c - a +0 shield (worn)
 h - a +0 pair of boots (worn)
Jewellery
 f - an amulet of guardian spirit (around neck)
 g - an uncursed amulet of regeneration {unknown}
Scrolls
 e - 2 scrolls of identify {unknown}


   Skills:
 + Level 3.7 Fighting
 + Level 2.4 Axes
 + Level 3.1 Armour
 + Level 3.0 Shields


You had 3 spell levels left.
You didn't know any spells.

Dungeon Overview and Level Annotations

Branches:
Dungeon (3/15)

Altars:


Innate Abilities, Weirdness & Mutations

You do not eat or drink.
Your flesh is vulnerable to fire.
You are immune to poison.
Your flesh is cold resistant. (rC+)
You are immune to negative energy. (rN+++)
You are immune to unholy pain and torment.
You can survive without breathing.


Message History

You closely miss the orc. You block the orc's attack.
You hit the orc.
The orc is severely wounded.
The orc hits you but does no damage. You block the orc's attack.
You hit the orc.
The orc is almost dead.
The orc closely misses you.
You slash the orc!
You kill the orc!
You closely miss the orc. The orc hits you but does no damage.
You block the orc's attack.
You closely miss the orc. You block the orc's attack.
You closely miss the orc.
The orc priest invokes the aid of Beogh against you.
Beogh smites you!
* * * LOW HITPOINT WARNING * * *
The orc hits you but does no damage.
The orc priest mumbles some strange prayers to Beogh against you.
Beogh smites you!
You die...

##...#.##.##......#
###....#.....#......#
.......####..#......#
.............#.))...#
........####.#......######
........# #.##.......)..#
......#.# #.###'#.......#
......#.####.# #.#.......#
.............# #@#.......+
......##.##### #o#.......#
##.#### ..... #o#.......#
#...........###.#.....#.#
................#.....#.#
...######........#.....#
.... #.......$# ##..
+........# ##. #..<...).#


You could see an orc priest and an orc.

Vanquished Creatures
  Jessica (D:2)
  4 adders
  A leopard gecko (D:2)
  3 orcs (D:3)
  8 bats
  3 giant cockroaches
  5 goblins
  7 hobgoblins
  3 jackals (D:3)
  A quokka (D:2)
  5 frilled lizards
  3 kobolds
  8 rats
52 creatures vanquished.

Notes
Turn   | Place    | Note
-------+----------+-------------------------------------------
     0 | D:1      | Fascinator the Mummy Fighter began the quest for the Orb.
     0 | D:1      | Reached XP level 1. HP: 18/18 MP: 1/1
    90 | D:1      | Reached XP level 2. HP: 21/24 MP: 2/2
   546 | D:2      | Found a faded altar of an unknown god.
   575 | D:2      | Reached XP level 3. HP: 29/29 MP: 3/3
   642 | D:2      | Noticed Jessica
   650 | D:2      | Killed Jessica
   651 | D:2      | Reached XP level 4. HP: 26/35 MP: 4/4
  1276 | D:3      | Killed from afar by an orc priest

Skill      XL: |  1  2  3  4 |
---------------+-------------+-----
Axes           | 2 |  2.4
Armour         | 3 |  3.1
Shields        | 3 |  3.0
Fighting       | |  3.7

Action                   |  1- 3 |  4- 6 || total
-------------------------+-------+-------++-------
Melee: War axe           |    88 |    63 ||   151
Armor: Scale mail        |    58 |    29 ||    87
Dodge: Dodged            |    30 |    22 ||    52
Block: Shield            |    49 |    47 ||    96
